 Dungeon Crawl Stone Soup version 0.21.1-1-g345015f (webtiles) character file.

1575 jamsan the Skirmisher (level 8, -5/67 HPs)
             Began as a Barachi Summoner on June 17, 2018.
             Was a Follower of the Shining One.
             Shot with a sling bullet by Joseph (19 damage)
             ... on level 8 of the Dungeon.
             The game lasted 00:41:29 (8903 turns).

jamsan the Skirmisher (Barachi Summoner)            Turns: 8903, Time: 00:41:29

Health: -5/67      AC: 10    Str: 13    XL:     8   Next: 91%
Magic:  12/13      EV: 10    Int: 15    God:    the Shining One [*.....]
Gold:   453        SH:  0    Dex: 12    Spells: 1/14 levels left

rFire    . . .     SeeInvis .   l - +0 spear
rCold    . . .     Gourm    .   (no shield)
rNeg     . . .     Faith    .   E - +0 scale mail
rPois    +         Spirit   .   (no helmet)
rElec    .         Reflect  .   (no cloak)
rCorr    .         Harm     .   x - +1 pair of gloves {archery}
MR       +....                  u - +0 pair of boots
Stlth    ..........             D - amulet of magic regeneration
HPRegen  0.21/turn              d - ring of protection from magic
MPRegen  0.38/turn              r - ring of poison resistance

@: glowing, slow
A: +LOS, swims, slowness 1, strong legs 1
a: Hop, Renounce Religion


You were on level 8 of the Dungeon.
You worshipped the Shining One.
The Shining One was aware of your devotion.
You were not hungry.

You visited 2 branches of the dungeon, and saw 9 of its levels.

You collected 453 gold pieces.

Inventory:

Hand Weapons
 h - a +0 club
 l - a +0 spear (weapon)
Armour
 a - a +0 robe
 u - a +0 pair of boots (worn)
 x - a +1 pair of gloves of archery (worn)
 E - a +0 scale mail (worn)
Jewellery
 d - a ring of protection from magic (left hand)
 o - an uncursed amulet of rage
 r - a ring of poison resistance (right hand)
 B - a +4 ring of evasion {unknown}
 D - an amulet of magic regeneration (around neck)
Wands
 v - a wand of flame (21)
 w - a wand of iceblast (9)
Scrolls
 e - 2 scrolls of fog {unknown}
 f - 7 scrolls of remove curse
 g - 4 scrolls of identify
 i - a scroll of enchant weapon {unknown}
 k - 10 scrolls of teleportation
 p - 3 scrolls of blinking
 t - 2 scrolls of noise {unknown}
 F - a scroll of magic mapping
 H - a scroll of fear {unknown}
Potions
 j - 2 potions of agility
 m - 2 potions of lignification
 n - 2 potions of cancellation
 q - a potion of invisibility
 s - a potion of brilliance
 A - a potion of curing
 C - 2 potions of flight {unknown}
Books
 b - a book of Callings

   Spells                             Type                      Level
   a - Summon Small Mammal            Summoning                    1
   b - Call Imp                       Summoning                    2
   c - Call Canine Familiar           Summoning                    3
   d - Summon Guardian Golem          Hexes/Summoning              3
   e - Summon Lightning Spire         Summoning/Air                4
   f - Summon Ice Beast               Ice/Summoning                4
 y - a book of Air

   Spells                             Type                      Level
   a - Shock                          Conjuration/Air              1
   b - Swiftness                      Charms/Air                   2
   c - Static Discharge               Conjuration/Air              3
   d - Airstrike                      Air                          4
   e - Lightning Bolt                 Conjuration/Air              5
 z - a book of Minor Magic

   Spells                             Type                      Level
   a - Magic Dart                     Conjuration                  1
   b - Blink                          Translocation                2
   c - Call Imp                       Summoning                    2
   d - Slow                           Hexes                        2
   e - Conjure Flame                  Conjuration/Fire             3
   f - Mephitic Cloud                 Conjuration/Poison/Air       3
Comestibles
 c - 7 rations


   Skills:
 + Level 7.5 Fighting
 - Level 0.2 Maces & Flails
 + Level 6.2 Polearms
 + Level 3.6 Armour
 - Level 2.2 Dodging
 - Level 1.8 Stealth
 - Level 0.1 Unarmed Combat
 + Level 3.8 Spellcasting
 - Level 6.5 Summonings


You had one spell level left.
You knew the following spells:

 Your Spells              Type           Power        Failure   Level  Hunger
a - Summon Small Mammal   Summ           ###.         5%          1    None
b - Call Imp              Summ           ###.....     9%          2    ##.....
c - Call Canine Familiar  Summ           ###.....     16%         3    ###....
d - Summon Lightning Spi  Summ/Air       ##......     90%         4    ####...
e - Summon Guardian Gole  Hex/Summ       ##......     52%         3    ###....


Dungeon Overview and Level Annotations

Branches:
Dungeon (8/15)             Temple (1/1) D:5
   Lair: D:8-11

Altars:
Ashenzari
Cheibriados
Dithmenos
Elyvilon
Gozag
Hepliaklqana
Makhleb
Nemelex Xobeh
Okawaru
Qazlal
Ru
Sif Muna
Trog
Uskayaw
Vehumet
Wu Jian
Xom
Yredelemnul
Zin
The Shining One

Annotations:
D:8 Joseph


Innate Abilities, Weirdness & Mutations

Shadows flee at your approach. (+LOS)
You can swim through water.
You cover ground slowly.
You can hop short distances.


Message History

Confirm with . or Enter, or press ? or * to list all spells.
Joseph shoots a sling bullet.
The sling bullet hits your quokka.
Your quokka dies!
Your quokka's corpse disappears in a puff of smoke!
Joseph shoots a sling bullet.
The sling bullet hits your quokka!
Your quokka dies!
Your quokka's corpse disappears in a puff of smoke!
Things that are here:
a ring mail; a hog corpse You swap places.
Joseph shoots a sling bullet.
The sling bullet hits your quokka.
Your quokka dies!
Your quokka's corpse disappears in a puff of smoke!
Things that are here:
a hand axe; an animal skin
Casting: Summon Small Mammal
Confirm with . or Enter, or press ? or * to list all spells.
Joseph says, "I've waited for this moment for such a long time."
Joseph shoots a sling bullet.
The sling bullet hits you!!
You die...

#..# #..# ## #..#
.. #(.#######.#
#(.....(...#
#(########.# #(#
#..# #(#######..#
#.@.(.(§)@.#
#########r## ##
#.......######.#
#..
#######........#
#... #...#
#.######## ###'#
#...# #.#
#%....#.."# #.#
#%%...'..## #.#
#######..§###.#####


You could see Joseph and a friendly quokka.

Vanquished Creatures
  Sigmund (D:6)
  A hog (D:8)
  A human (D:8)
  2 ice beasts
  A phantom (D:7)
  An ogre (D:4)
  A scorpion (D:6)
  A wight (D:7)
  An electric eel (D:3)
  A hound (D:7)
  A worker ant (D:6)
  A hound skeleton (D:8)
  3 adders
  2 shadow imps
  An ooze (D:1)
  2 worms (D:2)
  2 dart slugs
  5 leopard geckos
  4 orcs
  3 giant cockroaches
  4 goblins
  3 hobgoblins
  A jackal (D:7)
  2 quokkas
  A ball python (D:1)
  6 bats
  5 frilled lizards
  A giant cockroach zombie (D:5)
  5 kobolds
  A leopard gecko zombie (D:6)
  3 rats
67 creatures vanquished.

Vanquished Creatures (collateral kills)
  Grinder (D:3)
  A yak (D:8)
  Eustachio (D:6)
  An orc warrior (D:7)
  A black bear (D:7)
  An ogre (D:7)
  A scorpion (D:5)
  2 wights (D:7)
  A howler monkey (D:7)
  An electric eel (D:3)
  2 crimson imps (D:6)
  2 orc priests
  2 jellies
  3 orc wizards
  A worker ant (D:7)
  A worker ant zombie (D:7)
  A gnoll (D:1)
  7 adders
  A shadow imp (D:7)
  A worm (D:3)
  A leopard gecko (D:2)
  14 orcs
  3 giant cockroaches
  6 goblins
  6 hobgoblins
  2 jackals (D:7)
  3 kobolds
  2 quokkas
  3 bats
  A frilled lizard (D:2)
  2 rats
  A plant (D:3)
76 creatures vanquished.

Grand Total: 143 creatures vanquished

Notes
Turn   | Place    | Note
-------+----------+-------------------------------------------
     0 | D:1      | jamsan the Barachi Summoner began the quest for the Orb.
     0 | D:1      | Reached XP level 1. HP: 13/13 MP: 3/3
   410 | D:1      | Reached XP level 2. HP: 14/19 MP: 0/5
   426 | D:1      | Reached skill level 5 in Summonings
  1241 | D:1      | Reached XP level 3. HP: 9/24 MP: 1/7
  1454 | D:1      | Learned a level 2 spell: Call Imp
  1458 | D:1      | Learned a level 3 spell: Call Canine Familiar
  1954 | D:2      | Reached skill level 1 in Fighting
  1960 | D:2      | Reached skill level 1 in Polearms
  2053 | D:2      | Reached XP level 4. HP: 32/33 MP: 4/8
  2133 | D:2      | Found a shattered altar of Ashenzari.
  2138 | D:2      | Reached skill level 2 in Fighting
  2547 | D:2      | Found a bloodstained altar of Trog.
  2687 | D:3      | Found a transporter.
  2687 | D:3      | Found a transporter.
  2868 | D:3      | Noticed Grinder
  2990 | D:3      | Reached XP level 5. HP: 32/40 MP: 2/9
  3179 | D:3      | Reached skill level 3 in Fighting
  3253 | D:3      | Paralysed by Grinder for 6 turns
  3270 | D:3      | Killed Grinder
  3270 | D:3      | Reached skill level 4 in Fighting
  3270 | D:3      | Reached XP level 6. HP: 21/48 MP: 1/10
  4446 | D:4      | Reached skill level 5 in Fighting
  4782 | D:4      | Learned a level 4 spell: Summon Lightning Spire
  4856 | D:5      | Entered Level 5 of the Dungeon
  5150 | D:5      | Noticed an ice beast
  5182 | D:5      | Killed an ice beast
  5182 | D:5      | Reached XP level 7. HP: 17/56 MP: 1/11
  5402 | D:5      | Found a staircase to the Ecumenical Temple.
  5427 | Temple   | Entered the Ecumenical Temple
  5527 | Temple   | Became a worshipper of the Shining One
  5621 | D:5      | Found a hide-covered altar of Uskayaw.
  5621 | D:5      | Noticed a dagger
  5621 | D:5      | Noticed a dagger
  6028 | D:6      | Noticed Sigmund
  6428 | D:6      | Noticed Eustachio
  6535 | D:6      | Killed Eustachio
  6535 | D:6      | Reached skill level 6 in Fighting
  6968 | D:6      | Reached skill level 5 in Polearms
  6987 | D:6      | Reached * piety under the Shining One
  7114 | D:6      | Killed Sigmund
  7114 | D:6      | Reached XP level 8. HP: 64/65 MP: 7/12
  7218 | D:7      | Reached skill level 1 in Armour
  7996 | D:7      | Found a sacrificial altar of Ru.
  8006 | D:7      | Reached skill level 7 in Fighting
  8727 | D:7      | Learned a level 3 spell: Summon Guardian Golem
  8751 | D:8      | Noticed a yak
  8828 | D:8      | Killed a yak
  8887 | D:8      | Noticed Joseph
  8903 | D:8      | Shot with a sling bullet by Joseph

Skill      XL: |  1  2  3  4  5  6  7  8 |
---------------+-------------------------+-----
Summonings     | 5 6 |  6.5
Fighting       | 1 2 4 5 6 7 |  7.5
Polearms       | 1 2 3 4 5 6 |  6.2
Armour         | 3 |  3.6
Spellcasting   | 3 |  3.8
Maces & Flails | |  0.2
Dodging        | |  2.2
Stealth        | |  1.8
Unarmed Combat | |  0.1

Action                   |  1- 3 |  4- 6 |  7- 9 || total
-------------------------+-------+-------+-------++-------
Melee: Unarmed           |    16 |       |       ||    16
       Club              |    30 |       |       ||    30
       Spear             |    61 |   109 |   218 ||   388
 Cast: Summon Small Mamm |    28 |     4 |    87 ||   119
       Call Canine Famil |     3 |    16 |    49 ||    68
       Call Imp          |     1 |    28 |       ||    29
Evoke: Wand              |       |     6 |     6 ||    12
  Use: Scroll            |       |       |    13 ||    13
       Potion            |       |       |     3 ||     3
 Stab: Distracted        |     1 |       |       ||     1
       Sleeping          |     2 |     3 |       ||     5
  Eat: Chunk             |     4 |     2 |     1 ||     7
       Ration            |       |     4 |     5 ||     9
Armor: Robe              |    24 |    15 |     7 ||    46
       Scale mail        |       |       |    58 ||    58
Dodge: Dodged            |    90 |    65 |   100 ||   255
